 Dungeon Crawl Stone Soup version 0.28-a0-563-gf77a47075d (webtiles) character file.

Game seed: 8039682836292955791

243 avis the Skirmisher (level 6, 0/43 HPs)
             Began as an Octopode Transmuter on Sept 30, 2021.
             Slain by a black bear (5 damage)
             ... on level 4 of the Dungeon on Oct 1, 2021.
             The game lasted 00:21:43 (5228 turns).

avis the Skirmisher (Octopode Transmuter)           Turns: 5228, Time: 00:21:43

Health: 0/43       AC:  2    Str: 11    XL:     6   Next: 9%
Magic:  7/10       EV: 19    Int: 16    God:
Gold:   174        SH:  0    Dex: 17    Spells: 3/11 levels left

rFire   . . .      SeeInvis .     - Unarmed
rCold   . . .      Faith    .   (shield currently unavailable)
rNeg    . . .      Spirit   .   (helmet currently unavailable)
rPois   x          Reflect  .   (no amulet)
rElec   .          Harm     .   (no ring)
rCorr   .          Rampage  .   (no ring)
Will    .....                   (no ring)
Stlth   ++........              (no ring)
HPRegen 0.14/turn               (no ring)
MPRegen 0.12/turn               (no ring)
                                (no ring)
                                (no ring)

@: spider-form (expiring)
A: venomous fangs, almost no armour, (amphibious), 8 rings, tiny, (camouflage
1), (gelatinous body 1), (nimble swimmer 1), (tentacles)
a: End Transformation


You were on level 4 of the Dungeon.
You were a venomous arachnid creature.
You visited 1 branch of the dungeon, and saw 5 of its levels.

You collected 174 gold pieces.

Inventory:

Hand Weapons
 a - a +0 dagger (melded)
Missiles
 d - 94 stones
 f - 63 arrows
 j - 56 sling bullets
 l - 17 poisoned darts
 o - 3 boomerangs
Scrolls
 b - a scroll of enchant armour {unknown}
 c - 2 scrolls of noise {unknown}
 e - 2 scrolls of fog {unknown}
 g - 2 scrolls of blinking {unknown}
 h - a scroll of magic mapping {unknown}
 m - a scroll of immolation
 n - a scroll of holy word {unknown}
 p - 2 scrolls of teleportation {unknown}
 s - 2 scrolls of identify {unknown}
 u - a scroll of vulnerability {unknown}
Potions
 i - 2 potions of might {unknown}
 k - a potion of flight {unknown}
 q - a potion of haste {unknown}
 r - 2 potions of ambrosia {unknown}
 t - a potion of curing {unknown}
 v - a potion of degeneration {unknown}


   Skills:
 * Level 3.9 Fighting
 - Level 2.0 Dodging
 - Level 3.0 Unarmed Combat
 - Level 3.0 Spellcasting
 - Level 3.0 Transmutations
 - Level 3.0 Poison Magic


You had 3 spell levels left.
You knew the following spells:

 Your Spells              Type           Power      Damage    Failure   Level
a - Beastly Appendage     Tmut           24%        N/A       16%         1
p - Spider Form           Tmut/Pois      6%         N/A       34%         3
q - Ice Form              Ice/Tmut       7%         N/A       86%         4

Your spell library contained the following spells:

 Spells                   Type           Power      Damage    Failure   Level
 Wereblood                Tmut           12%        N/A       22%         2
 Corpse Rot               Necr/Air       N/A        N/A       50%         2
 Dispel Undead            Necr           2%         3d7       96%         4
 Death Channel            Necr           1%         N/A       100%        6


Dungeon Overview and Level Annotations

Branches:
Dungeon (5/15)
 Temple: D:4-7

Altars:

Annotations:
D:4 Grinder, Menkaure


Innate Abilities, Weirdness & Mutations

You are a venomous arachnid creature.
You have poisonous fangs.
You are tiny and dextrous.
Your spellcasting is less reliable in this form.
Your armour is entirely melded.
You are incapable of wielding weapons or throwing items.
You cannot wear most types of armour.
((You are amphibious.))
You can wear up to eight rings at the same time.
((Your skin changes colour to match your surroundings (Stealth+).))
((Your rubbery body absorbs attacks. (AC +1, EV +1)))
((You are camouflaged near water. (Stealth+)))
((You have tentacles for arms and can constrict up to eight enemies at once.))


Message History

The orc is lightly wounded.
The orc hits you with a +0 club.
You hit the orc.
The orc looks as sick as possible!
The orc is moderately wounded.
The orc hits you but does no damage.
You barely miss the orc.
The orc is heavily wounded.
The orc hits you with a +0 club.
You hit the orc but do no damage.
The orc looks as sick as possible!
The orc is severely wounded.
You kill the orc!
You hit the black bear.
The black bear is poisoned.
The black bear is lightly wounded.
The black bear closely misses you. The black bear claws you. x2
You barely miss the black bear.
The black bear is lightly wounded.
You hit the black bear but do no damage.
The black bear is lightly wounded.
The black bear completely misses you. The black bear claws you.
The black bear closely misses you.
You hit the black bear but do no damage.
The black bear looks even sicker.
The black bear is lightly wounded.
The black bear closely misses you. x2; The black bear claws you.
You hit the black bear.
The black bear is heavily wounded.
The black bear barely misses you. The black bear misses you.
The black bear claws you.
Your transformation is almost over.
You hit the black bear.
The black bear looks even sicker.
The black bear is severely wounded.
The black bear bites you!
* * * LOW HITPOINT WARNING * * *
The black bear closely misses you. The black bear claws you.
* * * LOW HITPOINT WARNING * * *
Okay, then.
You hit the black bear.
The black bear is almost dead.
The black bear bites you.
You die...

♣P.P# ##..###.........
♣♣.♣###########
#.....♣.♣...####
.......†......####.###.#.#...#
# #############......#
#)♣.♣#######
######.###>#..#......
#♣♣♣♣♣..♣.♣..#####
♣P..♣♣♣)#.........
♣Ph.....♣.♣.######
♣sPP♣.♣##.#.## #♣♣♣♣♣# ♣.♣..#
#.##.# ♣.♣#.# #.##.# #.##.#
#.#..# #...## #####


You could see a black bear (very poisoned).

Vanquished Creatures
  An orc priest (D:5)
  An iguana (D:4)
  2 orc wizards
  6 adders
  A dart slug (D:1)
  14 orcs
  4 bats
  7 endoplasms
  5 goblins
  8 hobgoblins
  5 jackals
  5 quokkas
  4 ball pythons
  A frilled lizard (D:1)
  6 kobolds
  2 rats
72 creatures vanquished.

Vanquished Creatures (others)
  A plant (D:4)
1 creature vanquished.

Grand Total: 73 creatures vanquished

Notes
Turn   | Place    | Note
-------+----------+-------------------------------------------
     0 | D:1      | avis the Octopode Transmuter began the quest for the Orb.
     0 | D:1      | Reached XP level 1. HP: 13/13 MP: 3/3
   567 | D:1      | Reached XP level 2. HP: 19/19 MP: 3/5
  1053 | D:2      | Reached XP level 3. HP: 22/25 MP: 4/6
  1057 | D:2      | Learned a level 3 spell: Spider Form
  1725 | D:2      | Reached skill level 1 in Poison Magic
  2066 | D:3      | Found a faded altar of an unknown god.
  2765 | D:3      | Reached XP level 4. HP: 22/31 MP: 4/7
  3378 | D:4      | Reached XP level 5. HP: 36/36 MP: 4/8
  3587 | D:4      | Noticed Menkaure
  3617 | D:4      | Noticed Grinder
  4673 | D:4      | Learned a level 4 spell: Ice Form
  4760 | D:5      | Entered Level 5 of the Dungeon
  5123 | D:5      | Noticed a black bear
  5125 | D:5      | Reached XP level 6. HP: 43/43 MP: 7/10
  5228 | D:4      | Slain by a black bear

Illustrated notes

Levels and vault maps discovered:
D:1:      lightli_arrival_flooded_house, layout_basic
D:2:      layout_loops_ring
D:3:      layout_basic, hellmonk_ecumenical_altar_blasted
D:4:      layout_loops_ring, serial_forest, infiniplex_forest_lined_room_2,
          infiniplex_forest_end_1, infiniplex_forest_lined_2,
          infiniplex_forest_corner_1, infiniplex_forest_lined_3,
          infiniplex_forest_lined_ring, infiniplex_forest_end_1, uniq_menkaure,
          uniq_grinder
D:5:      layout_loops_ring, palyth_temple_overflow_mages,
          nicolae_overflow_hidden_temple

Skill      XL: |  1  2  3  4  5 |
---------------+----------------+-----
Fighting       | 2 3 |  3.9
Poison Magic   | 3 |  3.0
Transmutations | 3 |  3.0
Spellcasting   | 3 |  3.0
Dodging        | |  2.0
Unarmed Combat | |  3.0

Action                   |  1- 3 |  4- 6 || total
-------------------------+-------+-------++-------
Melee: Unarmed           |    23 |    90 ||   113
       Constrict         |    21 |     2 ||    23
       Kick              |    17 |       ||    17
       Tentacles         |    17 |       ||    17
       Dagger            |    63 |    12 ||    75
       Punch             |     1 |       ||     1
 Cast: Beastly Appendage |    33 |     3 ||    36
       Spider Form       |     1 |    19 ||    20
 Stab: Sleeping          |     6 |     1 ||     7
Armor: Skin              |     8 |     3 ||    11
Dodge: Dodged            |    37 |    72 ||   109

Table legend: (Time is in decaauts)
 A = Elapsed time spent in this place.
 B = Non-inter-level travel time spent in this place.
 C = Inter-level travel time spent in this place.
 D = Time resting spent in this place.
 E = Time spent auto-exploring this place.
 F = Levels seen in this place.
 G = Mean time per level.
                   A        B        C        D        E       F      G
               +--------+--------+--------+--------+--------+-----+--------+
         Total |   5235 |   4801 |    434 |   1517 |   1975 |   5 | 1047.0 |
       Dungeon |   5235 |   4801 |    434 |   1517 |   1975 |   5 | 1047.0 |
               +--------+--------+--------+--------+--------+-----+--------+

Top non-repeatable levels by time:
     D:4: 1629 daAuts
     D:3: 1389 daAuts
     D:1: 1168 daAuts
     D:2: 980 daAuts
     D:5: 67 daAuts
